 Dungeon Crawl Stone Soup version 0.21-a0-536-gdbbf329e9e (webtiles) character file.

7 Banto the Skirmisher (level 1, 0/19 HPs)
             Began as a Demigod Wanderer on Dec 14, 2017.
             Slain by a hobgoblin (2 damage)
             ... on level 1 of the Dungeon.
             The game lasted 00:00:13 (60 turns).

Banto the Skirmisher (Demigod Wanderer)               Turns: 60, Time: 00:00:14

Health: 0/19       AC:  2    Str: 15    XL:     1   Next: 66%
Magic:  3/3        EV:  9    Int: 17    God:
Gold:   0          SH:  7    Dex: 14    Spells: 0/0 levels left

rFire    . . .     SeeInvis .   e - +0 club
rCold    . . .     Gourm    .   a - +0 shield
rNeg     . . .     Faith    .   d - +0 robe
rPois    .         Spirit   .   (no helmet)
rElec    .         Reflect  .   (no cloak)
rCorr    .         Harm     .   (no gloves)
MR       .....                  (no boots)
Stlth    ++........             (no amulet)
HPRegen  0.06/turn              (no ring)
MPRegen  0.08/turn              (no ring)

@: very slightly contaminated
A: high mp 1
a: no special abilities


You were on level 1 of the Dungeon.
You were not hungry.

You visited 1 branch of the dungeon, and saw 1 of its levels.

Inventory:

Hand Weapons
 e - a +0 club (weapon)
 f - a +0 dagger
Armour
 a - a +0 shield (worn)
 d - a +0 robe (worn)
Potions
 b - a potion of lignification
 c - a potion of curing
Comestibles
 g - a bread ration


   Skills:
 + Level 3.0 Fighting
 + Level 1.0 Throwing
 + Level 1.0 Dodging
 + Level 1.7 Stealth
 + Level 1.0 Shields
 + Level 1.9 Unarmed Combat


You couldn't memorise any spells.
You didn't know any spells.

Dungeon Overview and Level Annotations

Branches:
Dungeon (1/15)


Innate Abilities, Weirdness & Mutations

You have an increased reservoir of magic. (+10% MP)


Message History

You hit the bat.
You kill the bat!
You block the rat's attack. The hobgoblin hits you.
You take 4 damage, and have 6/19 hp.
MASSIVE DAMAGE!!
You are too injured to fight recklessly!
You hit the hobgoblin but do no damage. The rat barely misses you.
The hobgoblin barely misses you. The rat bites you.
* * * LOW HITPOINT WARNING * * *
You take 1 damage, and have 5/19 hp.
You hit the hobgoblin.
The hobgoblin is almost dead.
The hobgoblin hits you.
* * * LOW HITPOINT WARNING * * *
The rat barely misses you.
You take 4 damage, and have 1/19 hp.
MASSIVE DAMAGE!!
You barely miss the hobgoblin.
The hobgoblin is almost dead.
The hobgoblin barely misses you. The rat barely misses you.
The hobgoblin hits you.
You die...

.......### #
##.......$. #.
#.........
####.##.......#
..............#
.............####
.......g#........
......g@r........
..#
.......†#........
...
........#.....###
#.#
........#.$...#
#.#
#########.....#
+.# #.....# #.#
#.....#####.##+#
#...............
#....$##+##.####


You could see 2 hobgoblins and a rat.

Vanquished Creatures
  A hobgoblin (D:1)
  3 jackals (D:1)
  A bat (D:1)
  A kobold (D:1)
6 creatures vanquished.

Notes
Turn   | Place    | Note
-------+----------+-------------------------------------------
     0 | D:1      | Banto the Demigod Wanderer began the quest for the Orb.
     0 | D:1      | Banto set off with: a +0 shield, a potion of lignification, a potion of curing, a +0 robe, a +0 club, a +0 dagger, a bread ration
     0 | D:1      | Reached XP level 1. HP: 18/18 MP: 3/3
    45 | D:1      | Reached skill level 3 in Fighting
    60 | D:1      | Slain by a hobgoblin

Vault maps used:
D:1:      minmay_arrival_four_houses, hex_tiny

Skill      XL: |  1 |
---------------+----+-----
Fighting       | 3 |  3.0
Throwing       | |  1.0
Dodging        | |  1.0
Stealth        | |  1.7
Shields        | |  1.0
Unarmed Combat | |  1.9

Action                   || total
-------------------------++-------
Melee: Club              ||    27
  Use: Scroll            ||     1
 Stab: Sleeping          ||     1
Armor: Robe              ||     7
Dodge: Dodged            ||    18
Block: Shield            ||    15

Table legend:
 A = Spawn XP
 B = Non-spawn XP
 C = Spawn XP percentage of total XP
 D = Spawn monster count
 E = Non-spawn monster count
 F = Spawn count percentage of total count
 G = Total turns spent on level
                    A         B        C        D         E        F      G
               +---------+---------+-------+---------+---------+-------+---------
         Total |       0 |      10 |   0.0 |       0 |       6 |   0.0 |    60
               +---------+---------+-------+---------+---------+-------+---------
           D:1 |       0 |      10 |   0.0 |       0 |       6 |   0.0 |    60
               +---------+---------+-------+---------+---------+-------+---------

Table legend:
 A = Turns spent in this place as a percentage of turns spent in the entire game.
 B = Non-inter-level travel turns spent in this place as a percentage of non-inter-level travel turns spent in the entire game.
 C = Inter-level travel turns spent in this place as a percentage of turns spent in this place.
 D = Turns resting spent in this place as a percentage of non-inter-level travel turns spent in this place.
 E = Turns spent auto-exploring this place as a percentage of non-inter-level travel turns spent in this place.
 F = Non-inter-level travel turns spent in this place divided by the number of levels of this place that you've seen.
                   A       B       C       D       E      F
               +-------+-------+-------+-------+-------+----------------------
         Total | 100.0 | 100.0 |   0.0 |   0.0 |  26.7 |  60.0
       Dungeon | 100.0 | 100.0 |   0.0 |   0.0 |  26.7 |  60.0
               +-------+-------+-------+-------+-------+----------------------

Table legend:
 A = Kills in this place as a percentage of kills in entire the game.
 B = Kills by you in this place as a percentage of kills by you in the entire game.
 C = Kills by friends in this place as a percentage of kills by friends in the entire game.
 D = Other kills in this place as a percentage of other kills in the entire game.
 E = Experience gained in this place as a percentage of experience gained in the entire game.
 F = Experience gained in this place divided by the number of levels of this place that you have seen.
                   A       B       C       D       E      F
               +-------+-------+-------+-------+-------+----------------------
         Total | 100.0 | 100.0 |   N/A |   N/A | 100.0 |  10.0
       Dungeon | 100.0 | 100.0 |   N/A |   N/A | 100.0 |  10.0
               +-------+-------+-------+-------+-------+----------------------
